 Dungeon Crawl Stone Soup version 0.22.1-2-g9c5b331 (webtiles) character file.

18950 teukkam the Thrower (level 12, -4/77 HPs)
             Began as a Tengu Gladiator on Nov 15, 2018.
             Was a Priest of Wu Jian.
             Slain by a death yak (14 damage)
             ... led by a torpor snail
             ... on level 3 of the Lair of Beasts.
             The game lasted 00:59:20 (13400 turns).

teukkam the Thrower (Tengu Gladiator)              Turns: 13400, Time: 00:59:20

Health: -4/77      AC:  8    Str: 29 (30) XL:     12   Next: 63%
Magic:  18/18      EV: 14    Int: 12      God:    Wu Jian [***...]
Gold:   289        SH: 13    Dex: 20      Spells: 11/11 levels left

rFire    x . .     SeeInvis +   a - +5 dagger of Qeasuh {drain, *Drain MR+ Str+8 Int+2}
rCold    + . .     Gourm    .   w - +0 shield
rNeg     . . .     Faith    .   r - +1 scale mail of Hovyc {rPois SInv}
rPois    +         Spirit   .   c - +1 hat
rElec    .         Reflect  .   (no cloak)
rCorr    .         Harm     .   W - +0 pair of gloves
MR       +....                  (boots unavailable)
Stlth    ..........             P - amulet "Isizxi" {+Rage rPois rF- Str+3}
HPRegen  0.22/turn              s - +3 ring of dexterity
MPRegen  0.16/turn              X - ring of protection from cold

@: slowed, very slow
A: beak, talons 3, molten scales 1, agile 1, deformed body, deterioration 1,
evolution 1, able to fly 1
a: Fly, Wall Jump, Serpent's Lash, Renounce Religion, Evoke Berserk Rage


You were on level 3 of the Lair of Beasts.
You worshipped Wu Jian.
Wu Jian was most pleased with you.
You were not hungry.

You visited 3 branches of the dungeon, and saw 15 of its levels.
You also visited: Sewer.

You collected 883 gold pieces.
You spent 594 gold pieces at shops.

Inventory:

Hand Weapons
 a - the +5 dagger of Qeasuh (weapon) {drain, *Drain MR+ Str+8 Int+2}
   (You bought it in a shop on level 4 of the Dungeon)

   A truly terrible weapon, it drains the life of those it strikes.
   It affects your strength (+8).
   It affects your intelligence (+2).
   It affects your resistance to hostile enchantments.
   It causes draining when unequipped.
 b - a +2 dagger of holy wrath
 i - a +0 trident of protection
 l - a +0 dagger of protection
 C - a +4 scimitar of flaming
 N - a +3 hand axe of flaming
 R - the +8 triple crossbow of the Sun {elec, *Drain rF+ Str+4}
   (You bought it in a shop on level 4 of the Dungeon)

   It charges the ammunition it shoots with electricity; occasionally upon a
   hit, such missiles may discharge and cause terrible harm.
   It affects your strength (+4).
   It protects you from fire.
   It causes draining when unequipped.
Missiles
 d - 4 throwing nets
 n - 19 poisoned needles
 o - 220 arrows
 T - 3 tomahawks (quivered)
 U - 67 bolts
Armour
 c - a +1 hat (worn)
 r - the +1 scale mail of Hovyc (worn) {rPois SInv}
   (You found it on level 4 of the Dungeon)

   It protects you from poison.
   It lets you see invisible.
 w - a +0 shield (worn)
 W - a +0 pair of gloves (worn)
 Z - the +1 plate armour "Wuathul" {Int+6}
   (You found it on level 11 of the Dungeon)

   It affects your intelligence (+6).
Jewellery
 q - an uncursed ring of resist corrosion
 s - a +3 ring of dexterity (left hand)
 u - an uncursed ring of see invisible
 y - a +3 ring of intelligence
 G - a cursed ring of magical power {unknown}
 P - the amulet "Isizxi" (around neck) {+Rage rPois rF- Str+3}
   (You found it on level 7 of the Dungeon)

   [amulet of rage]

   It affects your strength (+3).
   It makes you vulnerable to fire.
   It protects you from poison.
   It lets you go berserk.
 X - a ring of protection from cold (right hand)
Wands
 j - a wand of iceblast (12)
 B - a wand of random effects (21)
 D - a wand of clouds (5)
 F - a wand of scattershot (4)
 Q - a wand of flame (12)
 V - a wand of acid (8)
Scrolls
 h - 9 scrolls of identify
 k - 2 scrolls of immolation
 t - 3 scrolls of remove curse
 v - a scroll of enchant armour
 x - 2 scrolls of enchant weapon
 A - 2 scrolls of amnesia
 E - 3 scrolls of blinking
 I - a scroll of fog
 M - 7 scrolls of teleportation
Potions
 e - a potion of magic
 g - a potion of cancellation
 m - 4 potions of heal wounds
 z - 2 potions of invisibility
 H - a potion of haste
 J - a potion of ambrosia {unknown}
 K - 2 potions of might
 L - a potion of berserk rage
 O - 4 potions of curing
 S - a potion of flight
Miscellaneous
 Y - a phial of floods
Comestibles
 f - 19 rations


   Skills:
 + Level 9.9 Fighting
 + Level 8.4 Short Blades
 - Level 5.0(5.9) Axes
 - Level 4.7(5.8) Polearms
 + Level 10.0 Throwing
 - Level 6.8 Dodging
 + Level 8.0 Shields
 + Level 7.1 Evocations


You had 11 spell levels left.
You didn't know any spells.
Your spell library contained the following spells:

 Spells                   Type           Power        Failure   Level  Hunger
 Animate Skeleton         Necr           N/A          88%         1    ##.....
 Apportation              Tloc           #.....       88%         1    ##.....
 Confusing Touch          Hex            #.....       88%         1    ##.....
 Flame Tongue             Conj/Fire      #....        88%         1    ##.....
 Freeze                   Ice            #...         88%         1    ##.....
 Infusion                 Chrm           #...         88%         1    ##.....
 Summon Small Mammal      Summ           #...         88%         1    ##.....
 Poisonous Vapours        Pois/Air       #.....       95%         2    ###....
 Shroud of Golubria       Chrm/Tloc      #.........   95%         2    ###....
 Song of Slaying          Chrm           #.......     95%         2    ###....
 Throw Flame              Conj/Fire      #.....       95%         2    ###....
 Throw Frost              Conj/Ice       #.....       95%         2    ###....
 Confuse                  Hex            #.......     99%         3    ####...
 Conjure Flame            Conj/Fire      #.......     99%         3    ####...
 Gell's Gravitas          Tloc           #.........   99%         3    ####...
 Inner Flame              Hex/Fire       #.......     99%         3    ####...
 Mephitic Cloud           Conj/Pois/Air  #.......     99%         3    ####...
 Ozocubu's Armour         Chrm/Ice       #.......     99%         3    ####...
 Recall                   Summ/Tloc      N/A          99%         3    ####...
 Regeneration             Chrm/Necr      #.........   99%         3    ####...
 Spectral Weapon          Hex/Chrm       #.......     99%         3    ####...
 Petrify                  Tmut/Erth      #.......     100%        4    #####..
 Sticky Flame             Conj/Fire      #.......     100%        4    #####..
 Summon Ice Beast         Ice/Summ       #.......     100%        4    #####..
 Throw Icicle             Conj/Ice       #.......     100%        4    #####..
 Aura of Abjuration       Summ           #.........   100%        5    ######.
 Fireball                 Conj/Fire      #.........   100%        5    ######.
 Metabolic Englaciation   Hex/Ice        #.........   100%        5    ######.
 Summon Demon             Summ           #.........   100%        5    ######.
 Summon Forest            Summ/Tloc      #.........   100%        5    ######.
 Summon Mana Viper        Hex/Summ       #.......     100%        5    ######.
 Yara's Violent Unravell  Hex/Tmut       #.........   100%        5    ######.
 Freezing Cloud           Conj/Ice/Air   #.........   100%        6    #######
 Shadow Creatures         Summ           N/A          100%        6    #######
 Ring of Flames           Chrm/Fire      #.........   100%        7    #######


Dungeon Overview and Level Annotations

Branches:
Dungeon (11/15)            Temple (1/1) D:6            Lair (3/6) D:11
    Orc (0/2) D:10
  Swamp: Lair:2-4    Shoals: Lair:2-4     Snake: Lair:2-4    Spider: Lair:2-4

Altars:
Ashenzari
Cheibriados
Dithmenos
Elyvilon
Fedhas
Gozag
Hepliaklqana
Kikubaaqudgha
Makhleb
Nemelex Xobeh
Okawaru
Qazlal
Ru
Sif Muna
Trog
Uskayaw
Vehumet
Wu Jian
Xom
Yredelemnul
Zin
The Shining One

Shops:
D:4 (

Annotations:
D:9 exclusion: statue
Lair:1 exclusion: oklob plant


Innate Abilities, Weirdness & Mutations

You have a beak for a mouth.
You have claws for feet.
You can fly.
You are partially covered in molten scales. (AC +2)
You are agile. (Dex +2)
Armour fits poorly on your strangely shaped body.
Your body sometimes deteriorates upon taking damage.
You evolve.


Message History

You repeatedly attack the death yak from above.
You hit the death yak. You drain the death yak! You claw the death yak.
The death yak is lightly wounded.
You hit the death yak. You drain the death yak!
The death yak is moderately wounded.
You hit the death yak but do no damage. You claw the death yak.
The death yak is moderately wounded.
The death yak gores you. You block the polar bear's attack.
The polar bear barely misses you.
The polar bear claws you but does no damage.
The polar bear bites you! You block the polar bear's attack.
The polar bear misses you. The death yak misses you. The polar bear bites you!
The polar bear barely misses you.
The polar bear claws you but does no damage.
The death yak gores you!
* * * LOW HITPOINT WARNING * * *
Your body deteriorates!
You feel weakened. The polar bear barely misses you. The polar bear misses you.
You block the polar bear's attack. The death yak gores you!
You die...

##. ....... ..
#..../... #.#
.........
.###..##........Y
..................
..................
..................
.......@w.........
......PYh.........
....#P.<.......#..
... #...........#
........##......#
...##...##........
.. #...##.....P#.
. ....(#......##
.##.####.....#


You could see a death yak, a torpor snail and a polar bear.

Vanquished Creatures
  Erica (Lair:1)
  A two-headed ogre (D:9)
  A death yak (Lair:3)
  Nergalle (D:10)
  4 skeletal warriors (D:11)
  An unseen horror (D:11)
  Pikel (D:5)
  A black mamba (Lair:2)
  4 spiny frogs
  2 komodo dragons (Lair:2)
  2 trolls (D:11)
  A polar bear (Lair:2)
  7 hippogriffs
  Sigmund (D:2)
  13 yaks
  4 wyverns
  A vampire (D:10)
  A wraith (D:11)
  A basilisk (Lair:2)
  Grum (D:8)
  2 hungry ghosts
  Menkaure (D:5)
  4 water moccasins
  4 porcupines
  5 ice beasts
  A phantom (D:6)
  A slave (D:5)
  4 orc warriors
  A centaur (D:10)
  6 ogres
  7 wolves
  8 crocodiles
  Blork the orc (D:5)
  3 big kobolds
  7 bullfrogs
  2 scorpions
  5 killer bees (D:11)
  A howler monkey (D:5)
  2 electric eels (Lair:2)
  4 crimson imps
  2 orc priests
  A hound (D:4)
  A jelly (D:5)
  2 bullfrog skeletons
  7 orc wizards
  Ijyb (D:3)
  Natasha (twice) (D:2 D:1)
  3 iguanas
  13 worker ants
  A killer bee zombie (D:6)
  2 worker ant zombies
  4 gnolls (D:7)
  2 howler monkey skeletons
  17 adders
  2 river rats (D:6)
  6 shadow imps
  3 oozes
  2 adder skeletons
  5 worms
  4 dart slugs
  6 leopard geckos
  23 orcs
  3 ball pythons (Sewer)
  5 giant cockroaches
  6 goblins
  12 hobgoblins
  13 jackals
  3 quokkas
  9 bats
  2 frilled lizards
  17 kobolds
  A quokka skeleton (D:4)
  10 rats
308 creatures vanquished.

Vanquished Creatures (others)
  A slave (D:5)
  A worker ant (D:5)
2 creatures vanquished.

Grand Total: 310 creatures vanquished

Notes
Turn   | Place    | Note
-------+----------+-------------------------------------------
     0 | D:1      | teukkam the Tengu Gladiator began the quest for the Orb.
     0 | D:1      | Reached XP level 1. HP: 12/12 MP: 2/2
    60 | D:1      | Reached XP level 2. HP: 7/17 MP: 3/3
   605 | D:1      | Reached XP level 3. HP: 20/22 MP: 4/4
  1274 | D:2      | Noticed Sigmund
  1293 | D:2      | Gained mutation: You are weak. (Str -2) [potion of
                  | mutation]
  1293 | D:2      | Gained mutation: You are dopey. (Int -2) [potion of
                  | mutation]
  1293 | D:2      | Gained mutation: Your system is resistant to poisons.
                  | (rPois) [potion of mutation]
  1293 | D:2      | Gained mutation: You possess an exceptional clarity of
                  | mind. [potion of mutation]
  1295 | D:2      | Killed Sigmund
  1295 | D:2      | Reached skill level 3 in Throwing
  1295 | D:2      | Reached XP level 4. HP: 3/28 MP: 5/5
  1295 | D:2      | Gained mutation: You can fly. [Tengu growth]
  1295 | D:2      | Reached XP level 5. HP: 3/32 MP: 6/6
  1295 | D:2      | Reached XP level 6. HP: 4/37 MP: 7/7
  1578 | D:2      | Lost mutation: You possess an exceptional clarity of mind.
                  | [potion of mutation]
  1578 | D:2      | Lost mutation: You are weak. (Str -2) [potion of mutation]
  1578 | D:2      | Lost mutation: You are dopey. (Int -2) [potion of mutation]
  1578 | D:2      | Gained mutation: Your body sometimes deteriorates upon
                  | taking damage. [potion of mutation]
  1578 | D:2      | Gained mutation: You have a somewhat thin skeletal
                  | structure. (Dex +2, Stealth) [potion of mutation]
  1578 | D:2      | Gained mutation: Your mind is acute. (Int +2) [potion of
                  | mutation]
  1579 | D:2      | Lost mutation: Your mind is acute. (Int +2) [potion of
                  | mutation]
  1579 | D:2      | Lost mutation: You have a somewhat thin skeletal structure.
                  | (Dex +2, Stealth) [potion of mutation]
  1579 | D:2      | Lost mutation: Your body sometimes deteriorates upon taking
                  | damage. [potion of mutation]
  1579 | D:2      | Gained mutation: You are agile. (Dex +2) [potion of
                  | mutation]
  1579 | D:2      | Gained mutation: You are partially covered in molten
                  | scales. (AC +2) [potion of mutation]
  1785 | D:3      | Noticed Natasha
  2066 | D:2      | Killed Natasha
  2139 | D:2      | Noticed Natasha
  2151 | D:1      | Killed Natasha
  2530 | D:3      | Noticed Ijyb
  2543 | D:3      | Killed Ijyb
  2829 | D:3      | Found a deep blue altar of Sif Muna.
  2829 | D:3      | Found a glowing golden altar of the Shining One.
  3091 | D:4      | Lost mutation: You are agile. (Dex +2) [potion of mutation]
  3091 | D:4      | Lost mutation: Your system is resistant to poisons. (rPois)
                  | [potion of mutation]
  3091 | D:4      | Gained mutation: Your spells are a little easier to cast,
                  | but a little less powerful. [potion of mutation]
  3091 | D:4      | Gained mutation: Your spells are easier to cast, but less
                  | powerful. [potion of mutation]
  3091 | D:4      | Gained mutation: You are clumsy. (Dex -2) [potion of
                  | mutation]
  3091 | D:4      | Gained mutation: You possess an exceptional clarity of
                  | mind. [potion of mutation]
  3092 | D:4      | Lost mutation: You possess an exceptional clarity of mind.
                  | [potion of mutation]
  3092 | D:4      | Lost mutation: Your spells are easier to cast, but less
                  | powerful. [potion of mutation]
  3092 | D:4      | Lost mutation: Your spells are a little easier to cast, but
                  | a little less powerful. [potion of mutation]
  3092 | D:4      | Gained mutation: Your body sometimes deteriorates upon
                  | taking damage. [potion of mutation]
  3092 | D:4      | Lost mutation: You are clumsy. (Dex -2) [potion of
                  | mutation]
  3092 | D:4      | Gained mutation: You are agile. (Dex +2) [potion of
                  | mutation]
  3092 | D:4      | Gained mutation: You evolve. [potion of mutation]
  3108 | D:4      | Reached skill level 1 in Axes
  3108 | D:4      | Reached skill level 5 in Dodging
  3115 | D:4      | Reached skill level 4 in Throwing
  3115 | D:4      | Reached XP level 7. HP: 23/43 MP: 8/8
  3121 | D:4      | Found Lisa's Antique Weapon Boutique.
  3127 | D:4      | Got a faintly humming scale mail
  3138 | D:4      | Identified the cursed +1 scale mail of Hovyc {rPois SInv}
                  | (You found it on level 4 of the Dungeon)
  3632 | D:4      | Found a stormy altar of Qazlal.
  3757 | D:5      | Entered Level 5 of the Dungeon
  4111 | D:5      | Found an iron altar of Okawaru.
  4183 | D:5      | Noticed Menkaure
  4194 | D:5      | Killed Menkaure
  4194 | D:5      | Reached XP level 8. HP: 25/48 MP: 9/9
  4456 | D:5      | Found a bloodstained altar of Trog.
  4538 | D:5      | Noticed Blork the orc
  4544 | D:5      | Killed Blork the orc
  4544 | D:5      | Reached skill level 5 in Fighting
  4544 | D:5      | Reached skill level 5 in Throwing
  4570 | D:5      | Noticed Pikel
  4595 | D:5      | Killed Pikel
  5021 | D:6      | Found a staircase to the Ecumenical Temple.
  5036 | D:6      | Reached XP level 9. HP: 51/55 MP: 10/10
  5129 | D:6      | Reached skill level 1 in Shields
  5138 | D:6      | Reached skill level 6 in Throwing
  5174 | D:6      | Found a glowing drain.
  5178 | Sewer    | Entered a sewer
  5545 | Sewer    | Gained mutation: You are weak. (Str -2) [evolution]
  5565 | Sewer    | Reached skill level 5 in Axes
  5763 | D:4      | Bought a warped dagger for 189 gold pieces
  5765 | D:4      | Identified the +5 dagger of Qeasuh {drain, *Drain MR+ Str+8
                  | Int+2} (You bought it in a shop on level 4 of the Dungeon)
  5945 | D:6      | Reached skill level 1 in Short Blades
  6398 | Temple   | Entered the Ecumenical Temple
  6485 | Temple   | Became a worshipper of the Wu Jian Council
  6677 | D:7      | Got a glittering lead amulet
  6678 | D:7      | Identified the amulet "Isizxi" {+Rage rPois rF- Str+3} (You
                  | found it on level 7 of the Dungeon)
  6951 | D:7      | Found a shattered altar of Ashenzari.
  7243 | D:8      | Noticed Grum
  7258 | D:8      | Reached skill level 1 in Evocations
  7259 | D:8      | Reached * piety under Wu Jian
  7262 | D:8      | Killed Grum
  7262 | D:8      | Reached skill level 7 in Throwing
  7267 | D:8      | Reached XP level 10. HP: 23/63 MP: 10/12
  7788 | D:8      | Found a white marble altar of Elyvilon.
  8198 | D:9      | Reached ** piety under Wu Jian
  8377 | D:9      | Reached skill level 5 in Shields
  8456 | D:9      | Reached skill level 5 in Short Blades
  8472 | D:9      | Noticed a two-headed ogre
  8481 | D:9      | Killed a two-headed ogre
  8481 | D:9      | Reached skill level 8 in Throwing
  8581 | D:9      | Found a radiant altar of Vehumet.
  8876 | D:10     | Entered Level 10 of the Dungeon
  8973 | D:10     | Reached XP level 11. HP: 68/68 MP: 15/15
  9180 | D:4      | Bought an ancient triple crossbow for 405 gold pieces
  9180 | D:4      | Identified the +8 triple crossbow of the Sun {elec, *Drain
                  | rF+ Str+4} (You bought it in a shop on level 4 of the
                  | Dungeon)
  9605 | D:10     | Lost mutation: You are weak. (Str -2) [evolution]
  9636 | D:10     | Noticed Nergalle
  9662 | D:10     | Killed Nergalle
  9939 | D:10     | Found a staircase to the Orcish Mines.
 10303 | D:11     | Reached skill level 5 in Evocations
 10465 | D:11     | Got an ichor-stained plate armour
 10466 | D:11     | Identified the +1 plate armour "Wuathul" {Int+6} (You found
                  | it on level 11 of the Dungeon)
 10605 | D:11     | Reached *** piety under Wu Jian
 10634 | D:11     | Noticed an unseen horror
 10639 | D:11     | Killed an unseen horror
 10709 | D:11     | Noticed a skeletal warrior
 10711 | D:11     | Noticed a skeletal warrior
 10711 | D:11     | Noticed a skeletal warrior
 10780 | D:11     | Killed a skeletal warrior
 10780 | D:11     | Reached skill level 9 in Throwing
 10816 | D:11     | Killed a skeletal warrior
 10879 | D:11     | Killed a skeletal warrior
 10910 | D:11     | Noticed a skeletal warrior
 10910 | D:11     | Noticed a skeletal warrior
 11185 | D:11     | Killed a skeletal warrior
 11185 | D:11     | Reached XP level 12. HP: 76/76 MP: 17/17
 11266 | D:11     | Found a staircase to the Lair.
 11357 | Lair:1   | Entered Level 1 of the Lair of Beasts
 11414 | Lair:1   | Noticed Erica
 11420 | Lair:1   | Killed Erica
 11889 | Lair:1   | Found a glowing golden altar of the Shining One.
 11938 | Lair:1   | Gained mutation: Armour fits poorly on your strangely
                  | shaped body. [evolution]
 12555 | Lair:3   | Noticed a death yak
 12556 | Lair:3   | Noticed a death yak
 13396 | Lair:3   | Killed a death yak
 13396 | Lair:3   | Reached skill level 10 in Throwing
 13400 | Lair:3   | Slain by a death yak

Skill      XL: |  1  2  3  4  5  6  7  8  9 10 11 12 |
---------------+-------------------------------------+-----
Fighting       | 3 4 5 7 8 9 |  9.9
Polearms       | 4 |  4.7
Throwing       | 3 4 5 7 8 9 10 | 10.0
Dodging        | 4 5 6 |  6.8
Axes           | 1 3 4 5 |  5.0
Shields        | 3 5 7 8 |  8.0
Short Blades   | 3 5 7 8 |  8.4
Evocations     | 1 4 6 7 |  7.1

Action                   |  1- 3 |  4- 6 |  7- 9 | 10-12 || total
-------------------------+-------+-------+-------+-------++-------
Melee: Trident           |   100 |    58 |   181 |       ||   339
       Kick              |    16 |    38 |    97 |   275 ||   426
       Peck              |    11 |    26 |    51 |   179 ||   267
       Dagger            |       |    52 |   122 |   506 ||   680
Throw: Tomahawk          |       |     8 |    47 |   114 ||   169
       Throwing net      |       |       |     6 |     1 ||     7
Invok: Lunge             |       |       |    10 |    44 ||    54
       Whirlwind         |       |       |       |   231 ||   231
       Wall Jump         |       |       |       |    34 ||    34
 Abil: Evoke Berserk Rag |       |       |       |     8 ||     8
       Wall Jump         |       |       |       |     1 ||     1
Evoke: Wand              |       |       |     6 |     7 ||    13
  Use: Potion            |     2 |     6 |     6 |     5 ||    19
       Scroll            |       |     6 |     2 |    12 ||    20
 Stab: Sleeping          |     3 |       |       |       ||     3
       Held in net/web   |       |       |     2 |     1 ||     3
       Paralysed         |       |       |     1 |       ||     1
  Eat: Chunk             |     1 |     6 |     6 |    13 ||    26
       Ration            |       |       |     3 |     5 ||     8
Armor: Leather armour    |    22 |     7 |       |       ||    29
       Chain mail        |       |    17 |       |       ||    17
       Ring mail         |       |     9 |       |       ||     9
       Scale mail        |       |       |    82 |    81 ||   163
Dodge: Dodged            |    43 |    63 |   120 |   148 ||   374
Block: Shield            |       |       |    68 |   185 ||   253
